 Dungeon Crawl Stone Soup version 0.29-a0-789-g7a8fcbc185 (webtiles) character file.

Game seed: 1350410277343882955

3783 buhh the Martial Artist (level 10, -10/73 HPs)
             Began as an Octopode Transmuter on July 3, 2022.
             Was a Believer of Cheibriados.
             Mangled by an orc warlord
             ... wielding a +7 war axe of freezing
              (41 damage)
             ... on level 8 of the Dungeon.
             The game lasted 00:23:34 (11842 turns).

buhh the Martial Artist (Octopode Transmuter)      Turns: 11842, Time: 00:23:34

Health: -10/73     AC:  1    Str: 14    XL:     10   Next: 16%
Magic:  13/13      EV: 18    Int: 24    God:    Cheibriados [**....]
Gold:   35         SH:  0    Dex: 19    Spells: 7/13 levels left

rFire   . . .      SeeInvis +     - Unarmed
rCold   . . .      Faith    .   (no shield)
rNeg    . . .      Spirit   .   (helmet restricted)
rPois   +          Reflect  .   (no amulet)
rElec   .          Harm     .   j - ring of see invisible
rCorr   .          Rampage  .   e - ring of poison resistance
Will    .....                   (no ring)
Stlth   +++.......              (no ring)
HPRegen 0.22/turn               (no ring)
MPRegen 0.13/turn               (no ring)
                                (no ring)
                                (no ring)

@: very slow
A: almost no armour, amphibious, 8 rings, camouflage 1, gelatinous body 1,
(nimble swimmer 1), tentacles
a: Renounce Religion, Bend Time


You were on level 8 of the Dungeon.
You worshipped Cheibriados.
Cheibriados was pleased with you.
You visited 2 branches of the dungeon, and saw 9 of its levels.
You also visited: Sewer and Bailey.

You collected 524 gold pieces.
You spent 489 gold pieces at shops.

Inventory:

Missiles
 r - 13 poisoned darts
 u - 2 throwing nets {!f}
Jewellery
 e - a ring of poison resistance (right tentacle)
 j - a ring of see invisible (left tentacle)
 p - a ring of wizardry
Wands
 h - a wand of roots (6)
Scrolls
 a - 3 scrolls of brand weapon
 n - a scroll of vulnerability {unknown}
 o - a scroll of fog {unknown}
 t - 3 scrolls of teleportation {!d}
 P - a scroll of magic mapping {!r!d}
 T - a scroll of immolation {!d}
 X - a scroll of amnesia
 Z - 3 scrolls of enchant armour
Potions
 b - 3 potions of attraction
 c - 2 potions of mutation {unknown}
 d - a potion of invisibility {unknown}
 f - 5 potions of might
 g - a potion of resistance {unknown}
 i - 4 potions of haste {unknown}
 k - 5 potions of flight
 s - a potion of cancellation {unknown}
 v - 2 potions of brilliance {unknown}
 J - a potion of magic {!q!d}
 N - 2 potions of curing {!q!d}


   Skills:
 * Level 8.4 Fighting
 * Level 8.4 Dodging
 - Level 2.0 Stealth
 * Level 8.4 Unarmed Combat
 - Level 2.0 Spellcasting
 - Level 2.0 Transmutations
 - Level 2.0 Poison Magic


You had 7 spell levels left.
You knew the following spells:

 Your Spells              Type           Power      Damage    Failure   Level
a - Beastly Appendage     Tmut           24%        N/A       5%          1
b - Wereblood             Tmut           12%        N/A       8%          2
c - Spider Form           Tmut/Pois      12%        N/A       16%         3

Your spell library contained the following spells:

 Spells                   Type           Power      Damage    Failure   Level
 Scorch                   Fire           4%         2d5       19%         2
 Ozocubu's Armour         Ice            2%         N/A       34%         3
 Ice Form                 Ice/Tmut       7%         N/A       61%         4
 Animate Dead             Necr           2%         N/A       75%         4
 Flame Wave               Conj/Fire      2%         2d4       75%         4
 Borgnjor's Vile Clutch   Necr/Erth      1%         N/A       97%         5
 Death Channel            Necr           1%         N/A       100%        6
 Summon Cactus Giant      Summ           1%         N/A       100%        6
 Ozocubu's Refrigeration  Ice            1%         4d5       100%        7


Dungeon Overview and Level Annotations

Branches:
Dungeon (8/15) Zot: 40458  Temple (1/1) D:6 Zot: 8922    Lair (0/6) D:8
  Sewer (visited)          Bailey (visited)

Altars:
Ashenzari
Cheibriados
Dithmenos
Elyvilon
Fedhas
Gozag
Hepliaklqana
Kikubaaqudgha
Nemelex Xobeh
Okawaru
Qazlal
Ru
Sif Muna
Trog
Uskayaw
Vehumet
Wu Jian
Xom
Zin
The Shining One

Shops:
D:6 *   D:8 *

Annotations:
D:3 1 runed translucent door, Crazy Yiuf
D:6 exclusions: acid dragon and 1 more exclusion


Innate Abilities, Weirdness & Mutations

You cannot wear most types of armour.
You are amphibious.
You can wear up to eight rings at the same time.
Your skin changes colour to match your surroundings (Stealth+).
Your rubbery body absorbs attacks. (AC +1, EV +1)
((You are camouflaged when in or above water. (Stealth+)))
You have tentacles for arms and can constrict up to eight enemies at once.


Message History

You see here a bubbling green potion.
i - 4 bubbling green potions (gained 1)
There is a gate leading back out of this place here.
d - a fuming red potion
There are no items here.
You see here a glowing sapphire potion.
g - a glowing sapphire potion
Aiming: Paralyse
Press: ? - help, Shift-Dir - straight line, f - orc warlord
Aim: an orc warlord, wielding a +7 war axe of freezing and wearing a +1 chain mail of willpower (chance to affect: 1%)
The orc warlord resists with almost no effort.
The now-empty wand crumbles to dust.
Aiming: Fastroot
Press: ? - help, Shift-Dir - straight line, f/p - orc warlord
Aim: an orc warlord, wielding a +7 war axe of freezing and wearing a +1 chain mail of willpower The roots erupt in riotous growth!
Roots grab the orc warlord.
The grasping roots constrict the orc warlord, but do no damage.
You hear a shout!
The orc warlord struggles to escape constriction.
The grasping roots constrict the orc warlord!
The roots release their grip on the orc warlord.
There is a gate leading back out of this place here.
The orc warlord hits you with a +7 war axe of freezing!!
The orc warlord freezes you.
Welcome back to the Dungeon!
There is an empty arch of ancient stone here.
Attack: -) Tentacles
Press: ? - help, Dir - move target, f - orc warlord
Aim: an orc warlord, wielding a +7 war axe of freezing and wearing a +1 chain mail of willpower (lightly wounded, about 25% to evade your tentacles)
Okay, then.
Aiming: Fastroot
Press: ? - help, Shift-Dir - straight line The roots erupt in riotous growth!
Roots grab the orc warlord.
The grasping roots constrict the orc warlord.
You hear an angry hiss.
You hear a shout!
The orc warlord hits you with a +7 war axe of freezing!!!
Ouch! That really hurt!
You die...

,,,,,,,,,*#.∩.#
,*,,,,,.#*#...##
,,,,,.......#..#
,,,*,##.....##.######
****,#.......#......#
,,,#,#....<..#.####.#
**,*.##.............#
**,*,......#...o)...#
**,**##..#...#.)@).##
*#.#####.#####..)..#
*#.................#
*#######<####.....##
* ### ####### *
****** ,,,,,* ,,,,,*


You could see an orc warlord (rooted).

Vanquished Creatures
  An orc knight (Bailey)
  Duvessa (D:4)
  7 orc warriors (Bailey)
  A black bear (D:7)
  3 ogres
  3 phantoms
  A kobold brigand (Sewer)
  3 necrophages
  3 bullfrogs
  2 scorpions (D:6)
  5 wights (D:6)
  Dowan (D:4)
  5 howler monkeys
  2 jellies
  3 orc priests
  3 hounds
  Jessica (D:3)
  5 iguanas
  2 orc wizards
  Ijyb (D:3)
  14 gnolls
  A river rat (Sewer)
  6 adders
  3 white imps (D:6)
  2 ufetubi
  4 worms
  2 dart slugs
  24 orcs
  8 endoplasms
  3 giant cockroaches
  16 goblins
  8 hobgoblins
  7 jackals
  10 kobolds
  7 quokkas
  8 ball pythons
  2 bats (D:1)
  4 frilled lizards
  3 rats
185 creatures vanquished.

Vanquished Creatures (collateral kills)
  An orc warrior (Bailey)
  A gnoll (Bailey)
  A goblin (Bailey)
  2 hobgoblins (Bailey)
5 creatures vanquished.

Grand Total: 190 creatures vanquished

Notes
Turn   | Place    | Note
-------+----------+-------------------------------------------
     0 | D:1      | buhh the Octopode Transmuter began the quest for the Orb.
     0 | D:1      | Reached XP level 1. HP: 13/13 MP: 3/3
   636 | D:1      | Found a faded altar of an unknown god.
   639 | D:1      | Noticed a floating eye
   640 | D:1      | Noticed a floating eye
   640 | D:1      | Noticed a floating eye
   640 | D:1      | Noticed a floating eye
   658 | D:1      | Reached XP level 2. HP: 18/18 MP: 3/5
  1274 | D:1      | Reached XP level 3. HP: 25/25 MP: 4/6
  2144 | D:2      | Learned a level 2 spell: Wereblood
  2148 | D:2      | Learned a level 3 spell: Spider Form
  2313 | D:2      | Reached XP level 4. HP: 28/31 MP: 5/7
  2373 | D:2      | Found a hide-covered altar of Uskayaw.
  2642 | D:3      | Noticed Ijyb
  2716 | D:3      | Found an opulent altar of Gozag.
  2716 | D:3      | Found a white marble altar of Elyvilon.
  2731 | D:3      | Paralysed by Ijyb for 3 turns
  2933 | D:4      | Found a glowing drain.
  2963 | Sewer    | Entered a sewer
  3311 | Sewer    | Noticed a kobold brigand
  3423 | Sewer    | Noticed a kobold brigand
  3435 | Sewer    | Found a glowing silver altar of Zin.
  3465 | Sewer    | Killed a kobold brigand
  3466 | Sewer    | Reached XP level 5. HP: 22/37 MP: 5/8
  3684 | D:4      | Found a glowing silver altar of Zin.
  3686 | D:4      | Noticed an ogre
  3694 | D:4      | Killed an ogre
  3694 | D:4      | Noticed Duvessa
  3695 | D:4      | Reached XP level 6. HP: 31/45 MP: 5/9
  3700 | D:4      | Noticed Dowan
  3706 | D:4      | HP: 2/45 [Duvessa/+0 rapier (9)]
  3708 | D:4      | Killed Duvessa
  4167 | D:4      | Killed Dowan
  4378 | D:3      | Noticed Jessica
  4385 | D:3      | Killed Jessica
  4386 | D:3      | Reached XP level 7. HP: 43/51 MP: 10/10
  4464 | D:3      | Paralysed by Ijyb for 4 turns
  4466 | D:3      | Killed Ijyb
  5701 | D:3      | Found a blossoming altar of Fedhas.
  5701 | D:3      | Found a radiant altar of Vehumet.
  5764 | D:3      | Found a runed translucent door.
  5765 | D:3      | Noticed Crazy Yiuf
  6434 | D:5      | Entered Level 5 of the Dungeon
  6937 | D:5      | Identified the +3 spear of the Blushing Puffin {freeze,
                  | *Rage rC+++ Int+5 Dex-5}
  6973 | D:5      | Reached XP level 8. HP: 28/57 MP: 11/11
  8370 | D:6      | Found a staircase to the Ecumenical Temple.
  8379 | Temple   | Entered the Ecumenical Temple
  8423 | Temple   | Became a worshipper of Cheibriados the Contemplative
  9135 | D:6      | Found Peregy's General Store.
  9141 | D:6      | Bought a potion of heal wounds for 70 gold pieces
  9141 | D:6      | Bought a potion of lignification for 42 gold pieces
  9181 | D:6      | Reached XP level 9. HP: 63/63 MP: 7/12
  9721 | D:6      | Found an ornate altar of the Wu Jian Council.
  9952 | D:6      | Noticed a troll
  9953 | D:6      | Noticed a cyclops
 10161 | D:7      | Reached * piety under Cheibriados
 10451 | D:7      | Found a hide-covered altar of Uskayaw.
 11268 | D:8      | Found a flagged portal.
 11274 | D:8      | Found Rurodut's General Store.
 11284 | D:8      | Bought a potion of might for 52 gold pieces
 11284 | D:8      | Bought a potion of magic for 104 gold pieces
 11284 | D:8      | Bought a wand of paralysis (5) for 91 gold pieces
 11284 | D:8      | Bought a wand of roots (6) for 130 gold pieces
 11293 | Bailey   | Entered a bailey
 11532 | Bailey   | Reached ** piety under Cheibriados
 11688 | Bailey   | Noticed an orc knight
 11700 | Bailey   | Killed an orc knight
 11701 | Bailey   | Reached XP level 10. HP: 60/72 MP: 9/13
 11817 | Bailey   | Noticed an orc warlord
 11842 | D:8      | Mangled by an orc warlord

Illustrated notes

Levels and vault maps discovered:
D:1:      minmay_arrival_nine_rooms, layout_basic,
          hellmonk_ecumenical_altar_watching_god
D:2:      layout_basic, basic_altar, minmay_split_cup_large
D:3:      layout_basic, gammafunk_temple_overflow_pools,
          chequers_temple_overflow_statue_of_worship, uniq_jessica, uniq_ijyb,
          uniq_crazy_yiuf_cottage
D:4:      layout_basic, nicolae_overflow_crystal_walls,
          cheibrodos_sewer_entry_bend, uniq_duvessa
D:5:      layout_loops_corners
D:6:      layout_basic, mainiacjoe_overflow_six_doors_small,
          minmay_temple_entry_antechambers, serial_shops, kennysheep_little_box,
          lightli_corner_chamber
D:7:      layout_cave_pods, nicolae_uskayaw_dance_hall
D:8:      layout_basic, mainiacjoe_overflow_brackets, erik_lair_orcish_takeover,
          gammafunk_ghost_arena, serial_shops, nicolae_shop_stone,
          enter_bailey_2, palyth_stone_intersect, st_stairs_2, uniq_maggie
Temple:   cyrus_circular_temple

Skill      XL: |  1  2  3  4  5  6  7  8  9 |
---------------+----------------------------+-----
Stealth        | 1 2 |  2.0
Fighting       | 2 3 4 5 6 8 |  8.4
Unarmed Combat | 4 5 6 8 |  8.4
Poison Magic   | 1 2 |  2.0
Dodging        | 4 6 8 |  8.4
Spellcasting   | |  2.0
Transmutations | |  2.0

Action                   |  1- 3 |  4- 6 |  7- 9 | 10-12 || total
-------------------------+-------+-------+-------+-------++-------
Melee: Unarmed           |    76 |    97 |   355 |    20 ||   548
       Kick              |    23 |    18 |    10 |     2 ||    53
       Constrict         |    15 |    21 |    21 |     2 ||    59
       Tentacles         |    11 |    14 |    30 |     1 ||    56
       Punch             |     1 |     1 |     7 |       ||     9
 Cast: Beastly Appendage |    22 |    25 |    11 |     2 ||    60
       Spider Form       |       |     4 |    41 |     1 ||    46
       Wereblood         |       |       |     4 |       ||     4
Evoke: Wand              |       |       |     9 |     3 ||    12
  Use: Potion            |     2 |     2 |     5 |       ||     9
       Scroll            |       |    10 |     9 |     1 ||    20
 Stab: Sleeping          |     8 |     4 |     2 |       ||    14
       Distracted        |     1 |       |       |       ||     1
       Paralysed         |       |       |     4 |       ||     4
Armor: Skin              |    22 |     1 |    12 |     1 ||    36
Dodge: Dodged            |    22 |    59 |   291 |    12 ||   384

Table legend: (Time is in decaauts)
 A = Elapsed time spent in this place.
 B = Non-inter-level travel time spent in this place.
 C = Inter-level travel time spent in this place.
 D = Time resting spent in this place.
 E = Time spent auto-exploring this place.
 F = Levels seen in this place.
 G = Mean time per level.
                   A        B        C        D        E       F      G
               +--------+--------+--------+--------+--------+-----+--------+
         Total |  12341 |  11824 |    517 |   3744 |   5951 |  11 | 1121.9 |
       Dungeon |  11148 |  10642 |    506 |   3284 |   5834 |   8 | 1393.5 |
        Temple |     56 |     45 |     11 |      0 |     28 |   1 |   56.0 |
         Sewer |    521 |    521 |      0 |    280 |     35 |   1 |  521.0 |
        Bailey |    614 |    614 |      0 |    180 |     54 |   1 |  614.0 |
               +--------+--------+--------+--------+--------+-----+--------+

Top non-repeatable levels by time:
     D:6: 2188 daAuts
     D:1: 1713 daAuts
     D:5: 1580 daAuts
     D:4: 1563 daAuts
     D:3: 1532 daAuts
     D:7: 1444 daAuts
     D:2: 1084 daAuts
  Bailey: 614 daAuts
   Sewer: 521 daAuts
  Temple: 56 daAuts
     D:8: 40 daAuts
